 Dungeon Crawl Stone Soup version 0.21-a0-521-g1cd18d1 (webtiles) character file.

179 solxrula the Cudgeler (level 5, -4/53 HPs)
             Began as a Troll Berserker on Dec 5, 2017.
             Was a Believer of Trog.
             Slain by an iguana (6 damage)
             ... on level 4 of the Dungeon on Dec 6, 2017.
             The game lasted 00:09:27 (1633 turns).

solxrula the Cudgeler (Troll Berserker)             Turns: 1633, Time: 00:09:28

Health: -4/53      AC:  5    Str: 26    XL:     5   Next: 33%
Magic:  4/4        EV: 13    Int:  3    God:    Trog [**....]
Gold:   139        SH:  0    Dex:  9    Spells: 4/4 levels left

rFire    . . .     SeeInvis +   a - +0 mace
rCold    . . .     Gourm    +   (no shield)
rNeg     . . .     Faith    .   b - +0 animal skin
rPois    .         Spirit   .   (helmet restricted)
rElec    .         Reflect  .   (no cloak)
rCorr    .         Harm     .   (gloves unavailable)
MR       .....                  (boots unavailable)
Stlth    +.........             (no amulet)
HPRegen  0.57/turn              h - +3 ring of evasion
MPRegen  0.09/turn              n - ring of see invisible

@: no status effects
A: large, unfitting armour, claws 3, fast metabolism 3, gourmand, regeneration
1, shaggy fur 1, tough skin 2
a: Berserk, Trog's Hand, Burn Spellbooks, Renounce Religion


You were on level 4 of the Dungeon.
You worshipped Trog.
Trog was pleased with you.
You were completely stuffed.

You visited 1 branch of the dungeon, and saw 4 of its levels.

You collected 139 gold pieces.

Inventory:

Hand Weapons
 a - a +0 mace (weapon)
Armour
 b - a +0 animal skin (worn)
Jewellery
 h - a +3 ring of evasion (left claw)
 n - a ring of see invisible (right claw)
Scrolls
 e - a scroll of amnesia
 f - 4 scrolls of identify
 k - 2 scrolls of magic mapping
 m - a scroll of remove curse
Potions
 i - 2 potions of curing
Comestibles
 c - 2 bread rations
 g - 2 chunks of flesh
 l - 3 meat rations


   Skills:
 + Level 3.3 Fighting
 + Level 4.2 Maces & Flails
 + Level 3.3 Dodging


You had 4 spell levels left.
You didn't know any spells.

Dungeon Overview and Level Annotations

Branches:
Dungeon (4/15)
 Temple: D:4-7

Altars:
Makhleb
Sif Muna
Trog
Vehumet


Innate Abilities, Weirdness & Mutations

You are too large for most types of armour.
You have claws for hands.
Your metabolism is lightning-fast.
You like to eat raw meat.
Your natural rate of healing is unusually fast.
You are covered in fur. (AC +1)
You have very tough skin. (AC +2)


Message History

The iguana barely misses you. The iguana misses you. The iguana bites you.
* * * LOW HITPOINT WARNING * * *
The iguana barely misses you. The iguana misses you.
The iguana barely misses you. The iguana closely misses you.
The iguana bites you.
* * * LOW HITPOINT WARNING * * *
The iguana closely misses you. The iguana misses you.
The iguana barely misses you. The iguana bites you.
* * * LOW HITPOINT WARNING * * *
The iguana bites you!
* * * LOW HITPOINT WARNING * * *
The iguana barely misses you. The iguana bites you.
You die...

##########
#....@...#
#....l...#
#........#
#........#
#....#####
#....
#....
#....


You could see an iguana.

Vanquished Creatures
  The ghost of tamerofbeasts the Ducker, an amateur GnWn (D:3)
  A worker ant (D:3)
  4 adders
  An ooze (D:3)
  2 leopard geckos (D:2)
  An orc (D:3)
  2 ball pythons (D:3)
  4 goblins
  5 hobgoblins
  A quokka (D:2)
  4 bats
  A frilled lizard (D:2)
  4 kobolds
  3 rats
34 creatures vanquished.

Notes
Turn   | Place    | Note
-------+----------+-------------------------------------------
     0 | D:1      | solxrula the Troll Berserker began the quest for the Orb.
     0 | D:1      | Reached XP level 1. HP: 22/22 MP: 0/0
   256 | D:1      | Reached XP level 2. HP: 29/29 MP: 1/1
   384 | D:1      | You fall through a shaft!
   388 | D:2      | Reached skill level 3 in Maces & Flails
   549 | D:2      | Found a radiant altar of Vehumet.
   559 | D:2      | Reached XP level 3. HP: 36/36 MP: 2/2
   766 | D:2      | Reached ** piety under Trog
  1034 | D:3      | Reached XP level 4. HP: 43/45 MP: 3/3
  1117 | D:3      | Found a burning altar of Makhleb.
  1181 | D:3      | Found a bloodstained altar of Trog.
  1181 | D:3      | Found a deep blue altar of Sif Muna.
  1235 | D:3      | Noticed tamerofbeasts's ghost (amateur GnWn)
  1274 | D:3      | Killed tamerofbeasts's ghost
  1274 | D:3      | Reached skill level 4 in Maces & Flails
  1274 | D:3      | Reached XP level 5. HP: 17/53 MP: 4/4
  1631 | D:4      | HP: 1/53 [iguana (7)]
  1633 | D:4      | Slain by an iguana

Vault maps used:
D:1:      shiori_arrival_oz
D:2:      lemuel_round_altar, st_stairs_14
D:3:      gammafunk_temple_overflow_statue, minmay_misc_feat_four_crosses,
          supply_closet_lemuel, bloody_makhleb
D:4:      lemuel_coloured_pillars_altar

Skill      XL: |  1  2  3  4 |
---------------+-------------+-----
Maces & Flails | 3 4 |  4.2
Fighting       | 3 |  3.3
Dodging        | 3 |  3.3

Action                   |  1- 3 |  4- 6 || total
-------------------------+-------+-------++-------
Melee: Mace              |   106 |    60 ||   166
Invok: Berserk           |       |     1 ||     1
  Use: Scroll            |     6 |     3 ||     9
       Potion            |     3 |     3 ||     6
  Eat: Chunk             |    15 |     7 ||    22
Armor: Animal skin       |    25 |    17 ||    42
Dodge: Dodged            |    72 |    63 ||   135

Table legend:
 A = Spawn XP
 B = Non-spawn XP
 C = Spawn XP percentage of total XP
 D = Spawn monster count
 E = Non-spawn monster count
 F = Spawn count percentage of total count
 G = Total turns spent on level
                    A         B        C        D         E        F      G
               +---------+---------+-------+---------+---------+-------+---------
         Total |       0 |     257 |   0.0 |       0 |      34 |   0.0 |  1633
               +---------+---------+-------+---------+---------+-------+---------
           D:1 |       0 |      15 |   0.0 |       0 |       9 |   0.0 |   384
           D:2 |       0 |      49 |   0.0 |       0 |      14 |   0.0 |   612
           D:3 |       0 |     193 |   0.0 |       0 |      11 |   0.0 |   588
               +---------+---------+-------+---------+---------+-------+---------
